 Dungeon Crawl Stone Soup version 0.32-a0-868-g153ae1a8d6 (webtiles) character file.

Game seed: 4864446313255044276

13962 senseless the Fighter (level 11, -8/91 (99) HPs)
             Began as a White Draconian Shapeshifter on Mar 28, 2024.
             Was a High Priest of Makhleb.
             Killed from afar by a smoke demon (17 damage)
             ... with a ball of steam
             ... summoned by a kobold demonologist
             ... on level 10 of the Dungeon.
             The game lasted 00:25:46 (10673 turns).

senseless the Fighter (DrSh)                       Turns: 10673, Time: 00:25:47

HP:   -8/91 (99)    AC: 11    Str: 22    XL:     11   Next: 82%
MP:   0/15          EV: 13    Int: 10    God:    Makhleb [*****.]
Gold: 506           SH:  0    Dex: 10    Spells: 10/10 levels left

rFire   . . .        a - +7 staff of the Meek {protect, meekguard}
rCold   + . .        (shield currently unavailable)
rNeg    . . .        (body armour unavailable)
rPois   .            (helmet currently unavailable)
rElec   .            i - melded +0 cloak
rCorr   .            u - melded +2 pair of gloves
SInv    +            h - melded +0 pair of boots
Will    .....        m - amulet of guardian spirit
Stlth   +            q - +4 ring of protection
HPRegen 0.35/turn    K - ring of see invisible
MPRegen 0.14/turn

%: guardian spirit
@: beast-form, drained
A: beast (slay +4), glacial breath, AC +7, unfitting armour, cold resistance 1,
cold-blooded
a: Glacial Breath, Begin Untransformation, Renounce Religion, Minor Destruction,
Lesser Servant of Makhleb, Major Destruction, Greater Servant of Makhleb


You were on level 10 of the Dungeon.
You worshipped Makhleb.
Makhleb was extremely pleased with you.
You were a hulking beast.
You visited 1 branch of the dungeon, and saw 10 of its levels.

You collected 692 gold pieces.
You spent 186 gold pieces at shops.

Inventory:

Hand Weapons
 a - the +7 staff of the Meek (weapon) {protect, meekguard}
   (You found it on level 4 of the Dungeon)
 b - the +8 sling "Wiqizoga" {speed, +Blink rElec rF- Dex+6}
   (You found it on level 8 of the Dungeon)

   Dex+6:     It affects your dexterity (+6).
   rF-:       It makes you vulnerable to fire.
   rElec:     It insulates you from electricity.
   +Blink:    It lets you blink.
 v - the +4 hand axe "Vephumae" {drain, Str+4}
   (You took it off an orc on level 4 of the Dungeon)

   Str+4:     It affects your strength (+4).
 w - the +7 trident of the Endless March {speed, Int+3}
   (You took it off an orc on level 4 of the Dungeon)

   Int+3:     It affects your intelligence (+3).
 D - a +2 war axe of flaming
 L - the +10 halberd "Foafuq" {speed, rF+ Int+3 Dex+2}
   (You took it off a centaur on level 10 of the Dungeon)

   Int+3:     It affects your intelligence (+3).
   Dex+2:     It affects your dexterity (+2).
   rF+:       It protects you from fire.
Missiles
 d - a throwing net
 g - 14 poisoned darts
Armour
 h - a +0 pair of boots (melded)
 i - a +0 cloak (melded)
 n - a +0 buckler
 s - an orb of wrath
 u - a +2 pair of gloves (melded)
Jewellery
 m - an amulet of guardian spirit (around neck)
 q - a +4 ring of protection (left hand)
 F - a ring of poison resistance
 K - a ring of see invisible (right hand)
 M - a ring of magical power
Talismans
 c - a flux talisman
 f - a serpent talisman
 G - a beast talisman (active)
Wands
 C - a wand of charming (21)
 I - a wand of flame (19)
Scrolls
 x - 4 scrolls of teleportation
 E - 3 scrolls of torment
 H - 4 scrolls of identify
 J - a scroll of enchant weapon
 N - a scroll of vulnerability
Potions
 e - 2 potions of magic
 j - a potion of heal wounds
 k - 3 potions of haste
 l - a potion of berserk rage
 o - a potion of ambrosia
 p - 2 potions of curing
 r - a potion of lignification
 t - 4 potions of brilliance
 z - 2 potions of mutation
 A - 3 potions of attraction
 B - 2 potions of might
Miscellaneous
 y - a tin of tremorstones (2/2)


   Skills:
 + Level 10.1 Fighting
 + Level 8.7 Dodging
 + Level 9.8 Unarmed Combat
 + Level 6.5 Invocations
 + Level 9.0 Shapeshifting


You had 10 spell levels left.
You didn't know any spells.
Your spell library contained the following spells:

 Spells                   Type           Power      Damage    Failure   Level
 Ensorcelled Hibernation  Hex/Ice        0%         N/A       50%         2
 Sublimation of Blood     Necr           0%         N/A       50%         2
 Passwall                 Erth           0%         N/A       75%         3
 Sigil of Binding         Hex            0%         N/A       75%         3
 Swiftness                Air            0%         N/A       75%         3
 Anguish                  Hex/Necr       0%         N/A       98%         4
 Cause Fear               Hex            0%         N/A       98%         4
 Leda's Liquefaction      Alch/Erth      0%         N/A       98%         4
 Petrify                  Alch/Erth      0%         N/A       98%         4
 Alistair's Intoxication  Alch           0%         N/A       100%        5
 Borgnjor's Vile Clutch   Necr/Erth      0%         N/A       100%        5
 Irradiate                Conj/Alch      0%         3d11      100%        5
 Lee's Rapid Deconstruct  Erth           0%         3d4*      100%        5
 Death Channel            Necr           0%         N/A       100%        6
 Eringya's Noxious Bog    Alch           0%         4d6       100%        6
 Permafrost Eruption      Ice/Erth       0%         2x4d2     100%        6
 Sculpt Simulacrum        Ice/Alch       0%         N/A       100%        6
 Enfeeble                 Hex            0%         N/A       100%        7


Dungeon Overview and Level Annotations

Branches:
Dungeon (10/15)            Temple (0/1) D:7            Lair (0/5) D:9
    Orc: D:9-12

Altars:
Makhleb
Yredelemnul
The Shining One
Beogh

Shops:
D:7 *

Annotations:
D:10 2 runed translucent doors, Konar's ghost, journeyman CoHu


Innate Abilities, Weirdness & Mutations

You are a hulking beast.
Your limbs bulge with bestial killing power. (Slay +4)
You can breathe waves of cold which freeze foes solid.
Your icy white scales are hard. (AC +7)
You cannot fit into any form of body armour.
Your flesh is cold resistant. (rC+)
You are cold-blooded and may be slowed by cold attacks.


Message History

The kobold demonologist hits you but does no damage.
The sixfirhy barely misses you. The sixfirhy attacks as it pursues you!
The sixfirhy misses you. The sixfirhy closely misses you.
You sock the sixfirhy!
The sixfirhy is heavily wounded.
You hit the sixfirhy.
The sixfirhy is severely wounded.
The sixfirhy hits you but does no damage. x2
The kobold demonologist gestures wildly while chanting.
The sixfirhy hits you but does no damage.
You closely miss the sixfirhy.
The sixfirhy is severely wounded.
The sixfirhy barely misses you.
The sixfirhy hits you but does no damage.
The sixfirhy barely misses you.
The sixfirhy hits you but does no damage. x2
The kobold demonologist mumbles some strange words.
The smoke demon gestures at you. Something smites you!
You miss the sixfirhy.
Your tail-slap misses the sixfirhy.
The sixfirhy is heavily wounded.
You miss the sixfirhy.
The sixfirhy is heavily wounded.
The sixfirhy hits you. The sixfirhy shocks you!
You barely miss the sixfirhy.
The sixfirhy is moderately wounded.
The sixfirhy misses you. The sixfirhy barely misses you.
The sixfirhy misses you. x2; The sixfirhy hits you!
* * * LOW HITPOINT WARNING * * *
The sixfirhy shocks you!
* * * LOW HITPOINT WARNING * * *
The sixfirhy closely misses you.
The kobold demonologist mumbles some strange words.
The sixfirhy disappears in a puff of smoke!
The kobold demonologist mumbles some strange words.
There is a stone staircase leading up here.
The smoke demon gestures at you. The ball of steam hits you!!
You die...

#.#.##.# ##.####
##....#.####......
#.######.............####
.........55..............
#.######.K#############..
##5# ♣. ♣♣......
##3#♣♣.♣♣♣♣)######
#§.#..♣)....'..... #h.#
♣.♣♣♣♣.###### ##..# ♣.♣ ♣♣..
... #...###.### ######
#...#.♣.♣.# ###...
#...#♣.♣.♣#♣♣#.....
#...#.♣.♣..)..).(.~
###.#~#####...#♣.♣.♣#♣♣#.....
.#~.$~.##....#.♣.♣.# ###...
#≈....#.####.###)### #######


You could see a kobold demonologist, a smoke demon (summoned), a quasit
(summoned) and 2 shadow imps.

Vanquished Creatures
  3 two-headed ogres (D:10)
  A centaur warrior (D:10)
  An ugly thing (D:10)
  Pikel (D:9)
  A deep elf pyromancer (D:7)
  A cyclops (D:9)
  Maggie (D:6)
  3 unseen horrors (D:10)
  2 trolls (D:10)
  A hornet (D:7)
  3 wraiths (D:10)
  13 yaks
  3 wyverns
  The ghost of zorb987 the Chopper, an amateur GnRe (D:4)
  A vampire mosquito (D:8)
  2 steam dragons
  A water moccasin (D:5)
  An ice beast (D:8)
  4 black bears
  2 sky beasts (D:7)
  7 orc warriors
  4 centaurs
  An ogre (D:8)
  A lemure (D:9)
  A phantom (D:6)
  An elf zombie (D:6)
  3 bullfrogs
  A gnoll sergeant (D:9)
  A scorpion (D:6)
  11 wights
  14 killer bees
  4 howler monkeys (D:10)
  2 centaur zombies (D:6)
  5 jellies
  A bombardier beetle (D:6)
  6 orc priests
  A sleepcap (D:7)
  Jessica (D:3)
  A hell rat (D:9)
  2 scorpion zombies (D:6)
  8 orc wizards
  9 iguanas
  3 ogre zombies (D:6)
  3 hound zombies (D:6)
  3 howler monkey zombies (D:6)
  3 gnolls (D:9)
  5 adders
  2 river rats (D:9)
  A shadow imp (D:6)
  3 white imps (D:7)
  2 ufetubi (D:6)
  An adder zombie (D:6)
  8 ribbon worms
  3 dart slugs
  50 orcs
  7 bats
  7 endoplasms
  2 giant cockroaches
  8 goblins
  7 hobgoblins
  8 jackals
  A quokka (D:2)
  7 ball pythons
  3 frilled lizards
  4 kobolds
  4 rats
276 creatures vanquished.

Notes
Turn   | Place    | Note
-------+----------+-------------------------------------------
     0 | D:1      | senseless the Draconian Shapeshifter began the quest for
                  | the Orb.
     0 | D:1      | Reached XP level 1. HP: 16/16 MP: 1/1
    65 | D:1      | Reached XP level 2. HP: 15/23 MP: 2/2
   366 | D:1      | Reached XP level 3. HP: 29/29 MP: 3/3
   382 | D:1      | Reached skill level 2 in Fighting
  1088 | D:2      | Found a faded altar of an unknown god.
  1097 | D:2      | Prayed at the altar of an unknown god.
  1097 | D:2      | Became a worshipper of Makhleb the Destroyer
  1097 | D:2      | Reached * piety under Makhleb
  1195 | D:2      | Reached XP level 4. HP: 33/36 MP: 4/4
  1577 | D:3      | Noticed Jessica
  1583 | D:3      | Killed Jessica
  2371 | D:3      | Identified the +3 robe "Fips" {rN+}
  2504 | D:4      | Found a runed translucent gate.
  2505 | D:4      | Found a runed translucent gate.
  2505 | D:4      | Identified the +4 hand axe "Vephumae" {drain, Str+4}
  2505 | D:4      | Identified the +1 scale mail of Honour {Dex+6}
  2505 | D:4      | Noticed zorb987's ghost (amateur GnRe)
  2506 | D:4      | Found a runed translucent gate.
  2507 | D:4      | Found the +7 staff of the Meek {protect, meekguard}
  2555 | D:4      | Reached XP level 5. HP: 21/42 MP: 2/5
  2897 | D:4      | Reached skill level 3 in Fighting
  2926 | D:4      | Reached ** piety under Makhleb
  2959 | D:4      | Reached XP level 6. HP: 16/51 MP: 1/6
  3310 | D:4      | Identified the +7 trident of the Endless March {speed,
                  | Int+3}
  3609 | D:4      | Found a roughly hewn altar of Beogh.
  3668 | D:4      | Killed zorb987's ghost
  3669 | D:4      | Reached skill level 4 in Fighting
  3669 | D:4      | Your scales start taking on an icy white colour.
  3669 | D:4      | Reached XP level 7. HP: 48/59 MP: 5/7
  3669 | D:4      | Gained mutation: Your flesh is cold resistant. (rC+) [White
                  | Draconian growth]
  3705 | D:5      | Entered Level 5 of the Dungeon
  3816 | D:5      | Reached skill level 5 in Unarmed Combat
  4054 | D:5      | Identified the +0 leather armour "Adostoicw" {Will+}
  4506 | D:5      | Found a glowing golden altar of the Shining One.
  4652 | D:6      | Reached skill level 5 in Shapeshifting
  4673 | D:6      | Reached skill level 5 in Fighting
  4673 | D:6      | Reached XP level 8. HP: 68/68 MP: 8/8
  4697 | D:6      | Reached *** piety under Makhleb
  4718 | D:6      | Found a basalt altar of Yredelemnul.
  5047 | D:6      | HP: 3/63 [wight/+5 long sword (3)]
  5056 | D:6      | Reached skill level 5 in Dodging
  5058 | D:6      | HP: 1/66 [wight/+0 spear (3)]
  5372 | D:6      | Noticed Maggie
  5381 | D:6      | Reached skill level 6 in Fighting
  5387 | D:6      | Killed Maggie
  5694 | D:6      | Reached XP level 9. HP: 56/78 MP: 5/9
  6162 | D:7      | Found Fiyxzei's Assorted Antiques.
  6304 | D:7      | Reached skill level 7 in Fighting
  6494 | D:7      | Found a staircase to the Ecumenical Temple.
  6556 | D:7      | Noticed a deep elf pyromancer
  6561 | D:7      | Killed a deep elf pyromancer
  6561 | D:7      | Reached **** piety under Makhleb
  6562 | D:7      | Reached skill level 1 in Invocations
  6697 | D:7      | Reached XP level 10. HP: 88/88 MP: 11/11
  7085 | D:7      | Bought a ruby potion for 21 gold pieces
  7085 | D:7      | Bought a murky puce potion for 21 gold pieces
  7085 | D:7      | Bought 3 scrolls of identify for 144 gold pieces
  7349 | D:8      | Reached skill level 8 in Fighting
  7564 | D:8      | Identified the +8 sling "Wiqizoga" {speed, +Blink rElec rF-
                  | Dex+6}
  8495 | D:9      | Reached ***** piety under Makhleb
  8635 | D:9      | Noticed Pikel
  8652 | D:9      | Killed Pikel
  8653 | D:9      | Reached skill level 9 in Fighting
  8673 | D:9      | Found a staircase to the Lair.
  8782 | D:9      | Noticed a cyclops
  8790 | D:9      | Killed a cyclops
  8791 | D:9      | Reached XP level 11. HP: 97/97 MP: 14/14
  9114 | D:10     | Entered Level 10 of the Dungeon
  9258 | D:10     | Noticed a two-headed ogre
  9267 | D:10     | Killed a two-headed ogre
  9347 | D:10     | Noticed a brown ugly thing
  9355 | D:10     | Noticed a centaur warrior
  9356 | D:10     | Identified the +10 halberd "Foafuq" {speed, rF+ Int+3
                  | Dex+2}
  9358 | D:10     | Killed a brown ugly thing
  9359 | D:10     | Reached skill level 5 in Invocations
  9596 | D:10     | Killed a centaur warrior
  9644 | D:10     | Noticed a two-headed ogre
  9652 | D:10     | Killed a two-headed ogre
  9957 | D:10     | Noticed a two-headed ogre
  9967 | D:10     | Killed a two-headed ogre
  9976 | D:10     | Reached skill level 10 in Fighting
 10622 | D:10     | Found a large runed translucent door.
 10623 | D:10     | Found a large runed translucent door.
 10628 | D:10     | Noticed Konar's ghost (journeyman CoHu)
 10659 | D:10     | Noticed a sixfirhy
 10673 | D:10     | Killed from afar by a smoke demon

Illustrated notes

Levels and vault maps discovered:
D:1:      elethiomel_arrival_quiet, layout_rooms, minmay_misc_feat_four_crosses
D:2:      layout_basic, chequers_ecumenical_altar_lobes
D:3:      layout_basic, uniq_jessica
D:4:      layout_gridville, biasface_ghost_orc_armoury, nicolae_wormholes
D:5:      layout_gridville, nicolae_tso_carved_into_rock, grunt_decor_cap
D:6:      mumra_celtic_spiral_tile, layout_basic, roadster_capsule_ark_zombie,
          uniq_maggie
D:7:      layout_basic, minmay_temple_entry_glass, nicolae_stop_n_shop_2,
          guppyfry_early_elven_hall
D:8:      layout_basic, special_room [special_room_orc], glass_columns_a,
          minmay_crossroads
D:9:      layout_irregular_city, dpeg_lair_monsters, uniq_pikel
D:10:     nzn_winding_woodlands_medium [nzn_winding_woodlands_5x5_three,
          nzn_winding_woodlands_5x15_longhouse, nzn_winding_woodlands_5x5_cross,
          nzn_winding_woodlands_hourglass, nzn_winding_woodlands_center_garden,
          nzn_winding_woodlands_5x5_checkerboard,
          nzn_winding_woodlands_5x5_default, nzn_winding_woodlands_5x15_parted,
          nzn_winding_woodlands_5x5_default], layout_loops_ring,
          ebering_ghost_disaster_area

Skill      XL: |  1  2  3  4  5  6  7  8  9 10 11 |
---------------+----------------------------------+-----
Dodging        | 2 3 4 5 6 7 8 |  8.7
Fighting       | 2 3 4 5 6 7 9 10 | 10.1
Unarmed Combat | 4 5 6 7 8 9 |  9.8
Shapeshifting  | 4 5 6 7 8 9 |  9.0
Invocations    | 1 4 6 |  6.5

Action                     |  1- 3 |  4- 6 |  7- 9 | 10-12 || total
---------------------------+-------+-------+-------+-------++-------
  Melee: Unarmed           |   106 |   117 |       |       ||   223
         Tailslap          |    10 |    18 |    32 |    45 ||   105
         Punch             |     2 |     6 |       |       ||     8
         Quarterstaff      |       |     8 |   244 |   364 ||   616
   Fire: Sling             |       |       |       |    51 ||    51
  Throw: Dart              |       |     2 |       |       ||     2
Ability: Glacial Breath    |       |       |     2 |     1 ||     3
    Use: Scroll            |       |     5 |     8 |     8 ||    21
         Potion            |       |     1 |       |     1 ||     2
   Stab: Sleeping          |       |     1 |       |       ||     1
         Invisible         |       |     2 |       |       ||     2
 Armour: Skin              |    55 |    66 |   222 |   422 ||   765
  Dodge: Dodged            |    70 |    66 |   209 |   363 ||   708
         Form:             |     1 |     1 |       |       ||     2
         Beast             |     1 |     1 |       |       ||     2

Table legend: (Time is in decaauts)
 A = Elapsed time spent in this place.
 B = Non-inter-level travel time spent in this place.
 C = Inter-level travel time spent in this place.
 D = Time resting spent in this place.
 E = Time spent auto-exploring this place.
 F = Levels seen in this place.
 G = Mean time per level.
                   A        B        C        D        E       F      G
               +--------+--------+--------+--------+--------+-----+--------+
         Total |  10837 |  10378 |    459 |    345 |   8144 |  10 | 1083.7 |
       Dungeon |  10837 |  10378 |    459 |    345 |   8144 |  10 | 1083.7 |
               +--------+--------+--------+--------+--------+-----+--------+

Top non-repeatable levels by time:
    D:10: 1624 daAuts
     D:6: 1600 daAuts
     D:4: 1229 daAuts
     D:7: 1181 daAuts
     D:8: 1071 daAuts
     D:3: 1053 daAuts
     D:5: 905 daAuts
     D:2: 850 daAuts
     D:9: 756 daAuts
     D:1: 565 daAuts
